 Dungeon Crawl Stone Soup version 0.21.0 (webtiles) character file.

130481 AllRandomAllDemise the Summoner (level 16, -24/133 HPs)
             Began as a Mummy Summoner on Jan 7, 2018.
             Was a High Priest of Sif Muna.
             Killed from afar by a merfolk aquamancer (27 damage)
             ... with a shard of ice
             ... on level 4 of the Shoals.
             The game lasted 01:30:36 (61884 turns).

AllRandomAllDemise the Summoner (Mummy Summoner)   Turns: 61884, Time: 01:30:37

Health: -24/133    AC: 18    Str: 12    XL:     16   Next: 23%
Magic:  53/56      EV: 16    Int: 24    God:    Sif Muna [*****.]
Gold:   2025       SH:  7    Dex: 14    Spells: 5/39 levels left

rFire    . . .     SeeInvis +   b - staff of power {!a}
rCold    + + +     Gourm    .   u - +1 buckler {AC+3}
rNeg     + + +     Faith    .   N - +5 leather armour of Duqixeli {*Corrode rF+ rC++ SInv}
rPois    ∞         Spirit   .   z - +2 hat {MR+}
rElec    .         Reflect  .   j - +0 cloak
rCorr    .         Harm     .   Q - +2 pair of gloves
MR       +++..                  o - +0 pair of boots
Stlth    +.........             P - amulet of magic regeneration
HPRegen  0.32/turn              m - +5 ring of intelligence
MPRegen  0.60/turn              J - ring of magical power

@: very slightly contaminated, divine energy, very slow
A: no food or potions, fire vulnerability, cold resistance 1, negative energy
resistance 3, torment resistance, unbreathing, in touch with death 1
}: 1/15 runes: gossamer
a: Stop Divine Energy, Channel Magic, Forget Spell, Renounce Religion


You were on level 4 of the Shoals.
You worshipped Sif Muna.
Sif Muna was extremely pleased with you.
You were not hungry.

You visited 6 branches of the dungeon, and saw 31 of its levels.
You also visited: Labyrinth and Bailey.

You collected 2385 gold pieces.
You spent 360 gold pieces at shops.

Inventory:

Hand Weapons
 a - the +8 whip "Snakebite" {curare, rPois}
   (You found it on level 1 of the Lair of Beasts)

   It poisons the flesh of those it strikes.
   It protects you from poison.
 f - a +3 demon blade of electrocution
 I - a +4 dagger of electrocution
Missiles
 q - 11 throwing nets (quivered) {!f}
Armour
 c - a +0 shield of protection
 j - a +0 cloak (worn)
 o - a +0 pair of boots (worn)
 u - a +1 buckler of protection (worn)
 z - a +2 hat of magic resistance (worn)
 N - the +5 leather armour of Duqixeli (worn) {*Corrode rF+ rC++ SInv}
   (You found it in a labyrinth)

   It protects you from fire.
   It greatly protects you from cold.
   It lets you see invisible.
   It may corrode you when you take damage.
 Q - a +2 pair of gloves (worn)
Magical Staves
 b - an uncursed staff of power (weapon) {!a}
 M - an uncursed staff of conjuration {!a}
Jewellery
 e - a +2 ring of evasion
 m - a +5 ring of intelligence (left hand)
 w - an uncursed ring of see invisible
 J - a ring of magical power (right hand)
 K - a cursed ring of wizardry
 P - an amulet of magic regeneration (around neck)
Wands
 r - a wand of iceblast (18)
 B - a wand of enslavement (29)
 D - a wand of clouds (11)
 F - a wand of digging (22)
 L - a wand of acid (10)
Scrolls
 d - 8 scrolls of remove curse
 h - a scroll of teleportation
 i - 5 scrolls of fog
 k - a scroll of amnesia
 n - 7 scrolls of identify
 p - 6 scrolls of enchant armour
 x - 3 scrolls of magic mapping
 E - a scroll of fear
 S - 4 scrolls of enchant weapon
Miscellaneous
 g - a phial of floods
 A - a lightning rod (4/4) {!a}
 C - 2 sacks of spiders
 O - a fan of gales


   Skills:
 * Level 14.2 Fighting
 + Level 7.9 Dodging
 - Level 1.5 Stealth
 + Level 7.3 Shields
 - Level 12.0 Spellcasting
 - Level 5.2 Hexes
 + Level 14.3 Summonings
 - Level 2.7 Translocations
 - Level 6.0 Ice Magic
 - Level 5.3 Air Magic


You had 5 spell levels left.
You knew the following spells:

 Your Spells              Type           Power        Failure   Level  Hunger
a - Shadow Creatures      Summ           N/A          2%          6    N/A
b - Summon Ice Beast      Ice/Summ       ######..     1%          4    N/A
c - Call Canine Familiar  Summ           ######..     1%          3    N/A
d - Summon Mana Viper     Hex/Summ       ######..     2%          5    N/A
e - Summon Lightning Spi  Summ/Air       ######..     1%          4    N/A
f - Call Imp              Summ           ######..     1%          2    N/A
i - Aura of Abjuration    Summ           ######....   1%          5    N/A
l - Apportation           Tloc           ####..       1%          1    N/A
B - Blink                 Tloc           N/A          2%          2    N/A
P - Summon Butterflies    Summ           ######..     0%          1    N/A
Q - Animate Skeleton      Necr           N/A          5%          1    N/A

Dungeon Overview and Level Annotations

Branches:
Dungeon (15/15)            Temple (1/1) D:7            Lair (6/6) D:10
 Shoals (4/4) Lair:3       Spider (4/4) Lair:2        Slime (0/5) Lair:6
    Orc (1/2) D:10         Vaults (0/5) D:13         Depths (0/5) D:15

Altars:
Cheibriados
Elyvilon
Fedhas
Gozag
Hepliaklqana
Kikubaaqudgha
Makhleb
Nemelex Xobeh
Okawaru
Qazlal
Sif Muna
Trog
Uskayaw
Vehumet
Wu Jian
Xom
Yredelemnul
Zin
The Shining One
Jiyva

Shops:
D:10 !   D:12 *

Portals:
Trove: D:15 (show abyssal rune of Zot)

Annotations:
Lair:3 exclusion: oklob plant
Lair:5 1 runed door
Shoals:4 Ilsuiw


Innate Abilities, Weirdness & Mutations

You do not eat or drink.
Your flesh is vulnerable to fire.
You are immune to poison.
Your flesh is cold resistant. (rC+)
You are immune to negative energy. (rN+++)
You are immune to unholy pain and torment.
You can survive without breathing.
You are in touch with the powers of death.


Message History

As you read the scroll of teleportation, it crumbles to dust.
You feel strangely unstable.
The merfolk javelineer throws a javelin.
The javelin hits you!
* * * LOW HITPOINT WARNING * * *
You hear a splash.
Unknown command.
As you read the scroll of fear, it crumbles to dust.
You assume a fearsome visage.
The merfolk javelineer looks frightened!
Ilsuiw resists with almost no effort.
Ilsuiw gestures wildly while chanting.
Ilsuiw blinks!
Your surroundings suddenly seem different.
Splash!
A merfolk aquamancer comes into view. It is wielding a rapier of venom.
The merfolk aquamancer shouts!
The merfolk aquamancer gestures at you while chanting.
The shard of ice hits you! You partially resist.
You die...

≈≈≈≈≈≈≈≈≈≈≈≈≈≈≈ ≈≈≈≈≈≈≈≈≈≈≈≈≈≈≈
≈≈≈≈≈≈≈≈≈≈≈≈≈≈≈
≈≈≈≈≈≈≈≈≈≈≈≈≈≈≈≈≈≈≈
≈≈≈≈≈≈≈≈≈≈≈≈≈≈≈≈≈≈≈≈
≈≈≈≈≈≈≈≈≈≈≈≈≈≈≈≈≈≈≈≈≈
≈≈≈≈≈≈≈≈≈≈≈≈≈≈≈m≈≈≈≈≈≈
≈≈≈≈≈≈≈≈≈≈≈≈≈≈≈@≈≈≈≈≈≈≈
≈≈≈≈≈≈≈≈≈≈≈≈≈≈≈≈≈≈≈≈≈≈≈≈
≈≈≈≈≈≈≈≈≈≈≈≈≈≈≈≈≈≈≈≈≈≈≈#
≈≈≈≈≈≈≈≈≈≈≈≈≈≈≈≈≈≈≈≈≈≈## ..##
≈≈≈≈≈≈≈≈≈≈≈..≈..≈≈.≈≈≈#≈....# ..
≈≈≈≈≈≈≈≈(≈≈.........≈≈# ....# .≈≈
≈≈≈≈≈≈≈≈≈<..[...#...≈≈# ≈≈≈≈#≈≈≈≈
≈≈≈≈≈≈≈≈)(..##..#...≈≈##≈≈≈##≈≈≈≈
≈≈≈≈≈≈≈%≈≈.###......≈≈≈##'##≈≈≈≈≈


You could see a merfolk aquamancer.

Vanquished Creatures
  Fannar (D:10)
  2 death yaks
  3 unseen horrors
  An orc knight (Bailey)
  4 elephants (Lair:5)
  A black mamba (Lair:5)
  Maurice (D:8)
  2 spiny frogs
  A rime drake (Lair:5)
  A polar bear (Lair:3)
  A queen bee (D:8)
  A hippogriff (D:8)
  3 redbacks
  2 wyverns
  6 yaks
  2 water moccasins
  2 wolves
  2 crocodiles
  Blork the orc (D:6)
  5 bullfrogs
  A wyvern skeleton (D:9)
  A scorpion (D:5)
  6 killer bees (D:8)
  A wight (D:7)
  3 howler monkeys
  A crimson imp (D:8)
  A quasit (D:8)
  An iron imp (D:6)
  3 hounds
  An orc priest (D:10)
  A bullfrog skeleton (D:7)
  A centaur skeleton (D:12)
  2 iguanas
  2 worker ants
  A howler monkey skeleton (D:7)
  2 adders
  An adder skeleton (D:6)
  A worm (D:2)
  3 dart slugs
  7 orcs
  8 bats
  3 goblins
  A hobgoblin (D:3)
  2 jackals
  A ball python (D:3)
  2 frilled lizards
  2 kobolds
  4 rats
  2 fungi (D:5)
107 creatures vanquished.

Vanquished Creatures (collateral kills)
  Mara (Shoals:3)
  Arachne (Spider:4)
  Rupert (D:13)
  Asterion (Spider:3)
  Gastronok (D:8)
  6 ghost moths
  Louise (Spider:1)
  Aizul (Spider:4)
  5 emperor scorpions
  5 entropy weavers
  Snorg (D:13)
  Josephine (Lair:3)
  6 merfolk impalers
  2 merfolk javelineers (Shoals:4)
  A fire dragon (D:14)
  A minotaur (Lab)
  Harold (D:9)
  2 hydras
  An ice dragon (D:10)
  Erolcha (D:9)
  7 merfolk aquamancers
  4 merfolk avatars (Shoals:4)
  An ogre mage (D:13)
  2 alligator snapping turtles
  7 centaur warriors
  5 two-headed ogres
  11 death yaks
  4 tengu warriors (D:13)
  12 sea snakes
  A skeletal warrior (D:13)
  A deep troll (D:15)
  The ghost of Nothus the Arsonist, a novice HOFE (D:7)
  2 deep elf archers
  2 orc knights
  20 orb spiders
  3 cyclopes
  14 harpies
  17 wolf spiders
  20 ugly things
  5 moths of wrath
  4 fauns (Shoals:1)
  8 manticores
  8 merfolk sirens
  6 black mambas
  A black mamba (shapeshifter) (D:15)
  14 elephants
  Psyche (D:8)
  4 water nymphs
  A gargoyle (D:12)
  11 spiny frogs
  2 torpor snails
  A molten gargoyle (Lair:6)
  2 centaur skeletons (D:13)
  2 yaktaurs (D:13)
  11 komodo dragons
  An efreet (D:13)
  2 kobold demonologists (D:15)
  14 demonic crawlers
  28 merfolk
  3 meliai (D:15)
  33 jumping spiders
  A troll (shapeshifter) (D:14)
  8 hornets
  5 trolls
  3 wind drakes
  A polar bear (Lair:5)
  15 blink frogs
  The ghost of AllRandomAllDemise the Conjurer, an amateur DgAE (D:5)
  5 snapping turtles
  5 dream sheep (Lair:5)
  8 hippogriffs
  54 tarantellas
  A shadow (D:12)
  52 yaks
  111 redbacks
  16 water elementals
  11 wraiths
  2 basilisks
  A fire bat (shapeshifter) (D:14)
  2 hungry ghosts
  A wyvern (D:11)
  A steam dragon (Lair:6)
  Grum (D:9)
  2 wargs
  2 vampire mosquitoes (D:9)
  A soldier ant (D:13)
  An acid dragon (D:10)
  4 hell hounds
  19 water moccasins
  6 porcupines
  13 orc warriors
  3 black bears
  3 ice beasts
  2 phantoms
  6 sky beasts
  9 ogres
  2 necrophages
  10 wolves
  26 centaurs
  5 crocodiles
  3 big kobolds
  18 bullfrogs
  A wyvern skeleton (D:13)
  2 scorpions
  11 killer bees (D:8)
  6 wights
  5 howler monkeys
  2 crimson imps
  A centaur zombie (D:12)
  3 hounds
  2 quasits
  2 bullfrog skeletons
  11 orc priests
  9 orc wizards
  3 jellies
  5 iguanas
  6 worker ants
  A howler monkey zombie (D:10)
  A worker ant zombie (D:10)
  6 gnolls
  7 adders
  4 shadow imps
  2 oozes
  An adder skeleton (D:4)
  4 worms
  A dart slug (D:1)
  2 leopard geckos
  64 orcs
  7 bats
  5 giant cockroaches
  3 goblins
  3 hobgoblins (D:2)
  9 jackals
  3 quokkas
  A ball python (D:3)
  4 frilled lizards
  17 kobolds
  A leopard gecko skeleton (D:6)
  A quokka zombie (D:5)
  4 rats
  3 fungi
  4 plants
1003 creatures vanquished.

Vanquished Creatures (others)
  A merfolk (Shoals:1)
  A wight (D:9)
  An orc wizard (D:13)
  2 orcs (D:10)
  A bush (Lair:3)
  20 fungi
  19 plants
  4 tentacles (Shoals:1)
  8 toadstools (Lair:5)
57 creatures vanquished.

Grand Total: 1167 creatures vanquished

Notes
Turn   | Place    | Note
-------+----------+-------------------------------------------
     0 | D:1      | AllRandomAllDemise the Mummy Summoner began the quest for the Orb.
     0 | D:1      | Reached XP level 1. HP: 13/13 MP: 4/4
   958 | D:1      | Reached XP level 2. HP: 19/19 MP: 3/6
  1447 | D:1      | Learned a level 2 spell: Call Imp
  2182 | D:2      | Reached XP level 3. HP: 14/24 MP: 0/7
  3501 | D:2      | Learned a level 3 spell: Call Canine Familiar
  4052 | D:3      | Reached XP level 4. HP: 30/30 MP: 5/9
  5284 | D:4      | Noticed an ogre
  5307 | D:4      | Killed an ogre
  5307 | D:4      | Reached XP level 5. HP: 35/35 MP: 0/11
  5580 | D:4      | Reached skill level 5 in Summonings
  5990 | D:4      | Noticed a sky beast
  6014 | D:4      | Killed a sky beast
  6014 | D:4      | Reached skill level 5 in Spellcasting
  6014 | D:4      | Reached XP level 6. HP: 35/41 MP: 2/13
  6103 | D:4      | Learned a level 4 spell: Summon Ice Beast
  6108 | D:4      | Learned a level 4 spell: Summon Lightning Spire
  6123 | D:4      | Found a glowing golden altar of the Shining One.
  6617 | D:5      | Entered Level 5 of the Dungeon
  6736 | D:5      | Noticed AllRandomAllDemise's ghost (amateur DgAE)
  6867 | D:5      | Found an iron altar of Okawaru.
  6977 | D:4      | Reached skill level 1 in Ice Magic
  7741 | D:5      | Reached XP level 7. HP: 43/46 MP: 2/15
  8448 | D:5      | Killed AllRandomAllDemise's ghost
  8989 | D:6      | Found a snail-covered altar of Cheibriados.
  9487 | D:6      | Noticed Blork the orc
  9546 | D:6      | Killed Blork the orc
  9546 | D:6      | Reached skill level 1 in Air Magic
  9546 | D:6      | Reached XP level 8. HP: 36/52 MP: 3/17
 10276 | D:7      | Noticed Nothus's ghost (novice HOFE)
 10285 | D:7      | Killed Nothus's ghost
 10400 | D:7      | Noticed a hippogriff
 10491 | D:7      | Killed a hippogriff
 10694 | D:7      | Noticed a hippogriff
 10715 | D:7      | Killed a hippogriff
 11240 | D:7      | Found a staircase to the Ecumenical Temple.
 11248 | Temple   | Entered the Ecumenical Temple
 11376 | D:7      | Found a shimmering altar of Xom.
 11460 | D:7      | Found a stormy altar of Qazlal.
 11461 | D:7      | Found a hide-covered altar of Uskayaw.
 11463 | D:7      | Found an ancient bone altar of Kikubaaqudgha.
 11488 | D:7      | Found an opulent altar of Gozag.
 12094 | D:8      | Reached XP level 9. HP: 42/57 MP: 10/20
 12227 | D:8      | Noticed Maurice
 12252 | D:8      | Killed Maurice
 12375 | D:8      | Noticed a queen bee
 12392 | D:8      | Killed a queen bee
 12916 | D:8      | Noticed Gastronok
 12946 | D:8      | Killed Gastronok
 12949 | D:8      | Noticed Psyche
 13212 | D:8      | Killed Psyche
 13212 | D:8      | Reached XP level 10. HP: 63/63 MP: 9/22
 13339 | D:8      | Found a deep blue altar of Sif Muna.
 13339 | D:8      | Found an iron altar of Okawaru.
 13408 | D:8      | Became a worshipper of Sif Muna the Loreminder
 13624 | D:8      | Found a radiant altar of Vehumet.
 13627 | D:8      | Found a burning altar of Makhleb.
 13934 | D:9      | Noticed Erolcha
 13956 | D:9      | Noticed a cyan ugly thing
 14134 | D:9      | Found a flagged portal.
 14174 | Bailey   | Entered a bailey
 14717 | Bailey   | Noticed an orc knight
 14759 | Bailey   | Killed an orc knight
 14759 | Bailey   | Reached skill level 5 in Ice Magic
 15092 | Bailey   | Noticed an orc knight
 15272 | Bailey   | Killed an orc knight
 15272 | Bailey   | Reached * piety under Sif Muna
 15649 | D:9      | Killed Erolcha
 15732 | D:9      | Identified a scroll of acquirement
 16142 | D:9      | Noticed Grum
 16172 | D:9      | Killed Grum
 16276 | D:9      | Killed a cyan ugly thing
 16276 | D:9      | Reached skill level 1 in Fighting
 16799 | D:10     | Entered Level 10 of the Dungeon
 16799 | D:10     | Noticed Harold
 16811 | D:9      | Killed Harold
 17006 | D:10     | Noticed a death yak
 17011 | D:10     | Noticed a death yak
 17013 | D:10     | Noticed a death yak
 17014 | D:10     | Noticed a death yak
 17018 | D:10     | Noticed a death yak
 17085 | D:9      | Killed a death yak
 17085 | D:9      | Reached ** piety under Sif Muna
 17085 | D:9      | Reached skill level 10 in Summonings
 17329 | D:10     | Noticed a green ugly thing
 17340 | D:10     | Killed a green ugly thing
 17633 | D:10     | Noticed a centaur warrior
 17723 | D:10     | Noticed a deep elf archer
 18412 | D:10     | Killed a centaur warrior
 18412 | D:10     | Reached skill level 10 in Spellcasting
 18412 | D:10     | Reached XP level 11. HP: 74/74 MP: 6/25
 18712 | D:10     | Killed a deep elf archer
 19180 | D:10     | Noticed a two-headed ogre
 19192 | D:10     | Killed a two-headed ogre
 19194 | D:10     | Noticed an ice dragon
 19441 | D:10     | Noticed Fannar
 19464 | D:9      | Killed a death yak
 19650 | D:10     | Killed an ice dragon
 19650 | D:10     | Reached skill level 5 in Air Magic
 19929 | D:10     | Noticed a two-headed ogre
 19940 | D:10     | Killed a two-headed ogre
 20161 | D:10     | Killed Fannar
 20519 | D:10     | Found a staircase to the Orcish Mines.
 20604 | D:10     | Killed a death yak
 20604 | D:10     | Reached *** piety under Sif Muna
 20611 | D:10     | Killed a death yak
 20620 | D:10     | Killed a death yak
 20948 | D:10     | Learned a level 2 spell: Blink
 20955 | D:10     | Learned a level 5 spell: Summon Mana Viper
 20962 | D:10     | Learned a level 6 spell: Shadow Creatures
 21132 | D:10     | Found Rodghop's Distillery.
 21234 | D:10     | Found a staircase to the Lair.
 21357 | Lair:1   | Entered Level 1 of the Lair of Beasts
 21717 | Lair:1   | Reached skill level 1 in Hexes
 22425 | Lair:1   | Noticed a four-headed hydra
 22439 | Lair:1   | Killed a four-headed hydra
 22943 | Lair:1   | Reached **** piety under Sif Muna
 23223 | Lair:1   | Found the +8 whip "Snakebite" {curare, rPois}
 23544 | Lair:2   | Reached skill level 5 in Fighting
 24135 | Lair:2   | Reached XP level 12. HP: 74/86 MP: 6/27
 24569 | Lair:2   | Found a hole to the Spider Nest.
 25128 | Lair:2   | Learned a level 1 spell: Animate Skeleton
 25655 | Lair:3   | Found a staircase to the Shoals.
 25952 | Lair:3   | Noticed an eight-headed hydra
 25965 | Lair:3   | Killed an eight-headed hydra
 25965 | Lair:3   | Reached ***** piety under Sif Muna
 26561 | Lair:4   | Found a labyrinth entrance.
 26660 | Lair:4   | Identified Hethiem's Volume of the Shifting Frostbite (Sif Muna gifted it to you on level 4 of the Lair of Beasts)
 26660 | Lair:4   | Received a gift from Sif Muna
 26789 | Lab      | Entered a labyrinth
 27319 | Lab      | Noticed a minotaur
 27334 | Lab      | Killed a minotaur
 27413 | Lab      | Found the twisted robe
 27413 | Lab      | Got an ancient amethyst amulet
 27421 | Lab      | Identified the amulet "Otisoto" {Inacc rN+} (You found it in a labyrinth)
 27448 | Lab      | Got a twisted robe
 27459 | Lab      | Identified the cursed -5 robe of Misfortune {-Cast *Contam *Tele *Drain EV-5 Stlth-- *Curse} (You found it in a labyrinth)
 27476 | Lab      | Got a spiked leather armour
 27487 | Lab      | Identified the +5 leather armour of Duqixeli {*Corrode rF+ rC++ SInv} (You found it in a labyrinth)
 27498 | Lab      | Got a polished quarterstaff
 27921 | Lair:4   | Noticed a death yak
 27923 | Lair:4   | Noticed a death yak
 27923 | Lair:4   | Noticed a death yak
 27924 | Lair:4   | Noticed a death yak
 27924 | Lair:4   | Noticed a death yak
 27928 | Lair:4   | Killed a death yak
 27933 | Lair:4   | Killed a death yak
 27949 | Lair:4   | Killed a death yak
 27957 | Lair:4   | Killed a death yak
 27966 | Lair:4   | Killed a death yak
 29242 | Lair:5   | Reached skill level 1 in Shields
 29660 | Lair:5   | Reached skill level 5 in Hexes
 29820 | Lair:5   | Gained mutation: You are in touch with the powers of death. [Mummy growth]
 29820 | Lair:5   | Reached XP level 13. HP: 62/96 MP: 17/29
 30183 | Lair:5   | Found a runed door.
 31697 | Lair:6   | Entered Level 6 of the Lair of Beasts
 31714 | Lair:6   | Found a staircase to the Slime Pits.
 31728 | Lair:6   | Found a viscous altar of Jiyva.
 32439 | Lair:6   | Found a dark tunnel.
 33689 | Lair:6   | Received a gift from Sif Muna
 34367 | D:11     | Found a shimmering altar of Xom.
 35284 | D:12     | Found Igosem's General Store.
 35326 | D:12     | Bought an uncursed amulet of regeneration for 360 gold pieces
 35960 | D:13     | Noticed Rupert
 35967 | D:13     | Killed Rupert
 36084 | D:13     | Noticed Snorg
 36094 | D:13     | Killed Snorg
 37634 | D:13     | Found a gate to the Vaults.
 37883 | D:13     | Reached XP level 14. HP: 109/109 MP: 30/30
 38166 | D:14     | Reached skill level 10 in Fighting
 38526 | D:14     | Got a fine cloak
 38537 | D:14     | Identified the -1 cloak of the Game Afoot {rPois Str+3 Int+4} (You found it on level 14 of the Dungeon)
 38926 | D:14     | Identified the Reference Book on Congealing Orientation
 38964 | D:14     | Reached skill level 1 in Translocations
 39728 | D:15     | Entered Level 15 of the Dungeon
 39793 | D:15     | Identified Sif Muna's Handbook of Fetching Poison (Sif Muna gifted it to you on level 15 of the Dungeon)
 39793 | D:15     | Received a gift from Sif Muna
 39903 | D:15     | Noticed a ghost moth
 39903 | D:15     | a great orb of eyes changed into a ghost moth
 39905 | D:15     | a ghost moth changed into a tyrant leech
 39936 | D:15     | Noticed an entropy weaver
 39936 | D:15     | a spark wasp changed into an entropy weaver
 39939 | D:15     | Noticed a frost giant
 39939 | D:15     | an entropy weaver changed into a frost giant
 39941 | D:15     | Noticed a sphinx
 39941 | D:15     | a frost giant changed into a sphinx
 39944 | D:15     | Noticed a stone giant
 39944 | D:15     | a sphinx changed into a stone giant
 39950 | D:15     | a stone giant changed into an iron troll
 39964 | D:15     | Noticed a quicksilver dragon
 39964 | D:15     | an iron troll changed into a quicksilver dragon
 39965 | D:15     | Noticed an azure jelly
 39965 | D:15     | a quicksilver dragon changed into an azure jelly
 39971 | D:15     | an azure jelly changed into an alligator snapping turtle
 40045 | D:15     | Noticed a titan
 40045 | D:15     | Noticed a shadow dragon
 40045 | D:15     | a titan changed into a shadow dragon
 40557 | D:15     | Found a radiant altar of Vehumet.
 40570 | D:15     | Found a staircase to the Depths.
 40844 | D:15     | Found a portal to a secret trove of treasure.
 41063 | Orc:1    | Entered Level 1 of the Orcish Mines
 41157 | Orc:1    | Noticed an orc warlord
 41520 | Spider:1 | Entered Level 1 of the Spider Nest
 41619 | Spider:1 | Reached skill level 5 in Dodging
 42835 | Spider:1 | Noticed a ghost moth
 42848 | Spider:1 | Killed a ghost moth
 43323 | Spider:1 | Noticed an emperor scorpion
 43341 | Spider:1 | Killed an emperor scorpion
 43476 | Spider:1 | Noticed an entropy weaver
 43511 | Spider:1 | Killed an entropy weaver
 43995 | Spider:1 | Noticed Louise
 44011 | Spider:1 | Killed Louise
 45784 | Spider:2 | Noticed an entropy weaver
 45795 | Spider:2 | Killed an entropy weaver
 45934 | Spider:2 | Reached skill level 5 in Shields
 46113 | Spider:2 | Noticed an entropy weaver
 46122 | Spider:2 | Killed an entropy weaver
 46839 | Spider:3 | Noticed an emperor scorpion
 46851 | Spider:3 | Killed an emperor scorpion
 47961 | Spider:3 | Noticed a ghost moth
 48008 | Spider:3 | Killed a ghost moth
 48008 | Spider:3 | Reached XP level 15. HP: 120/120 MP: 4/31
 48977 | Spider:4 | Entered Level 4 of the Spider Nest
 48977 | Spider:4 | Noticed Asterion
 49222 | Spider:3 | Killed Asterion
 49326 | Spider:4 | Noticed Aizul
 50913 | Spider:4 | Killed Aizul
 50928 | Spider:4 | Noticed a ghost moth
 51148 | Spider:3 | Killed a ghost moth
 51468 | Spider:4 | Noticed a ghost moth
 51499 | Spider:3 | Killed a ghost moth
 52015 | Spider:4 | Noticed a ghost moth
 52023 | Spider:4 | Killed a ghost moth
 53329 | Spider:4 | Received a gift from Sif Muna
 53337 | Spider:4 | Noticed Arachne
 53372 | Spider:4 | Killed Arachne
 53457 | Spider:4 | Learned a level 1 spell: Summon Butterflies
 53459 | Spider:4 | Learned a level 1 spell: Apportation
 53875 | Spider:4 | Noticed a ghost moth
 53884 | Spider:4 | Killed a ghost moth
 54363 | Spider:4 | Got a gossamer rune of Zot
 54983 | Shoals:1 | Entered Level 1 of the Shoals
 54987 | Shoals:1 | Noticed Josephine
 55007 | Lair:3   | Killed Josephine
 56043 | Lair:1   | Learned a level 5 spell: Aura of Abjuration
 57950 | Shoals:3 | Noticed Mara
 57992 | Shoals:3 | Killed Mara
 58674 | Shoals:3 | Reached XP level 16. HP: 51/132 MP: 28/32
 59740 | Shoals:4 | Entered Level 4 of the Shoals
 59743 | Shoals:4 | Noticed Ilsuiw
 61880 | Shoals:4 | HP: 10/133 [merfolk javelineer/javelin (22)]
 61882 | Shoals:4 | HP: 2/133 [merfolk javelineer/javelin (8)]
 61884 | Shoals:4 | Killed from afar by a merfolk aquamancer

Skill      XL: |  1  2  3  4  5  6  7  8  9 10 11 12 13 14 15 16 |
---------------+-------------------------------------------------+-----
Spellcasting   | 3 4 5 6 7 8 10 11 12 | 12.0
Summonings     | 4 5 6 7 9 10 11 12 13 14 | 14.3
Ice Magic      | 1 2 3 4 5 6 |  6.0
Air Magic      | 1 2 4 5 |  5.3
Fighting       | 2 5 7 9 12 13 14 | 14.2
Hexes          | 2 5 |  5.2
Shields        | 1 4 5 7 |  7.3
Dodging        | 4 6 7 |  7.9
Translocations | 2 |  2.7
Stealth        | |  1.5

Action                   |  1- 3 |  4- 6 |  7- 9 | 10-12 | 13-15 | 16-18 || total
-------------------------+-------+-------+-------+-------+-------+-------++-------
Melee: Spear             |    63 |    96 |       |       |       |       ||   159
       Dagger            |       |    17 |   123 |   131 |       |       ||   271
       Whip              |       |       |       |    59 |    74 |       ||   133
       Staff             |       |       |       |       |     1 |       ||     1
 Cast: Summon Small Mamm |    61 |    13 |    15 |     2 |     2 |       ||    93
       Call Imp          |    33 |    32 |    52 |    17 |       |       ||   134
       Call Canine Famil |     3 |    32 |    43 |    76 |    43 |     3 ||   200
       Summon Lightning  |       |     1 |    12 |    90 |    70 |     2 ||   175
       Summon Ice Beast  |       |       |    22 |   246 |   255 |     6 ||   529
       Summon Mana Viper |       |       |       |    16 |   261 |    34 ||   311
       Animate Skeleton  |       |       |       |     4 |    46 |     9 ||    59
       Shadow Creatures  |       |       |       |     3 |   364 |    80 ||   447
       Blink             |       |       |       |       |     5 |     2 ||     7
       Apportation       |       |       |       |       |       |     2 ||     2
Invok: Divine Energy     |       |       |       |     1 |       |       ||     1
Evoke: Wand              |       |       |     3 |     5 |     1 |     3 ||    12
  Use: Scroll            |       |     8 |     1 |    14 |    14 |     4 ||    41
 Stab: Sleeping          |     2 |     4 |       |       |       |       ||     6
       Distracted        |       |     1 |     2 |     5 |     1 |       ||     9
Armor: Robe              |    27 |    22 |    54 |    89 |     7 |       ||   199
       Leather armour    |       |       |       |       |   239 |    19 ||   258
Dodge: Dodged            |    60 |    92 |   133 |   208 |   386 |    54 ||   933
Block: Buckler           |       |       |       |    81 |   221 |    30 ||   332
